Workbook
Name A.I: A.I!$A$1
Name ACS: A.I!$A$1
Name Anexo_1: A.I!$B$1
Name Anexo_2_a: 'A.II.a'!$B$1
Name Anexo_2_b: 'A.II.b'!$B$1
Name Anexo_II_a: 'A.II.a'!$B$1
Name Anexo_II_b: 'A.II.b'!$B$1
Name Anexo_II_c: 'A.II.c'!$B$1
Name Anexo_III_PA: 'A.III.PA'!$B$1
Name Anexo_IV_POA: 'A.IV.POA'!$B$1
Name Anexo_V_a: 'A.V.a'!$B$1
Name Anexo_V_b: 'A.V.b'!$B$1
Name CATEGORIAS_LIST: Ref_Categorias!$A$2:$A$6
Name Datos: Datos!$B$1
Name EJ_IMPACTO_LA: Ref_Ej_Impacto!$G$2:$G$11
Name EJ_RESULTADO_LA: Ref_Ej_Resultado!$G$2:$G$11
Name IND_IMPACTO: Ref_Ind_Impacto!$B$2:$B$7
Name IND_RESULTADO: Ref_Ind_Resultado!$B$2:$B$7
Name LA_PI1: Ref_Lineas_Accion!$D$2:$D$8
Name LA_PI2: Ref_Lineas_Accion!$D$9:$D$13
Name LA_PI3: Ref_Lineas_Accion!$D$14:$D$18
Name LA_PI4: Ref_Lineas_Accion!$D$19:$D$20
Name LA_PI5: Ref_Lineas_Accion!$D$21:$D$23
Name LA_PI6: Ref_Lineas_Accion!$D$24:$D$26
Name LIBRE: Ref_Categorias!$C$2
Name PRODUCTOS_LIST: Ref_Productos!$A$2:$A$21
Name PROGRAMAS_TITULOS: Ref_Programas!$B$2:$B$7

Sheet Leer

Sheet Indice
B2: Índice
B4: Información Básica | C4: =HYPERLINK("#Datos", "Datos") -> Datos | D4: Información básica del proyecto (debe coincidir con el documento Word)
B5: Anexo I | C5: =HYPERLINK("#Anexo_1", "A.I") -> A.I | D5: Contactos de las Organizaciones participantes
B6: Anexo II | C6: =HYPERLINK("#Anexo_II_a", "A.II.a") -> A.II.a | D6: Presupuesto detallado y consolidado
C7: =HYPERLINK("#Anexo_II_b", "A.II.b") -> A.II.b | D7: Limites máximos admitidos por categoría de gasto
C8: =HYPERLINK("#Anexo_II_c", "A.II.c") -> A.II.c | D8: Matriz de Resultados
B9: Anexo III | C9: =HYPERLINK("#Anexo_III_PA", "A.III.PA") -> A.III.PA | D9: Plan de Adquisiciones total del proyecto
C10: A.III.PA.n | D10: Plan de Adquisiciones total del proyecto por Organización participante (copie el PA anterior en una nueva hoja de Excel)
B11: Anexo IV | C11: =HYPERLINK("#Anexo_IV_POA", "A.IV.POA") -> A.IV.POA | D11: Plan Operativo Annual (POA)
B12: Anexo V | C12: =HYPERLINK("#Anexo_V_a", "A.V.a") -> A.V.a | D12: Matriz de Indicadores
C13: =HYPERLINK("#Anexo_V_b", "A.V.b") -> A.V.b | D13: Verificación de Indicadores Corporativos

Sheet Datos
B1: Información Básica
B5: id perfil: | C5: [completar con el código del perfil provisto inicialmente]
B7: Región (*): | C7: Regional
B8: Nombre de la CT: | C8: [Indicar el "título corto" (máximo de 15 palabras)]
B9: Número de CT (*):
B10: Jefe de Equipo (*):
B11: Programa de acción hemisférica (*):
B12: Fecha de Autorización de CT (*):
B13: Agencia Ejecutora | C13: Instituto Interamericano de Cooperación para la Agricultura (IICA)
B14: Organizaciones co-ejecutoras técnicas | C14: [País (Institución/nes)]
C15: [País (Institución/nes)]
C16: etc
B17: Beneficiarios (países o entidades que participarán en la cooperación técnica): | C17: [País (Institución/nes)]
C18: [País (Institución/nes)]
C19: etc
B20: Donantes que proveerán financiamiento (*):
B21: Financiamiento Solicitado (en US$):
B22: Contrapartida Local (en US$):
B23: Financiamiento Total (en US$)
B24: Período de Ejecución (meses) (*):
B25: Período de Desembolso (meses) (*):
B26: Fecha de Inicio requerido (*):
B27: Objetivos de Desarrollo Sostenible (ODS):
B28: Programa Insignia del PMP 2025-2030: | H28: =IFERROR(INDEX(Ref_Programas!$A:$A,MATCH($C$28,Ref_Programas!$B:$B,0)),"")
B29: Línea de Acción del PMP 2025-2030:
B30: Indicadores del PMP 2025-2030: | C30: Anexo V
B32: A continuación, debera completar cada solapa de planilla de excel con la informacion requerida

Sheet A.I
B1: Anexo I. Datos de las organizaciones participantes
B3: Agencias Co-ejecutoras
B4: [Nombres completos e información de contacto de las organizaciones co-ejecutoras del proyecto, y nombres de los investigadores principales involucrados. Agregar “solo” un cuadro por cada organización].
C6: Representante Legal | D6: Responsible técnico
B7: Organización (líder técnico):
B8: Nombre y Apellido:
B9: Cargo:
B10: Dirección:
B11: País:
B12: Tel.:
B13: Email:
B14: Tiempo de Dedicación (%)
C16: Representante Legal | D16: Responsible técnico
B17: Organización (co-ejecutora):
B18: Nombre y Apellido:
B19: Cargo:
B20: Dirección:
B21: País:
B22: Tel.:
B23: Email:
B24: Tiempo de Dedicación (%)
B26: Organizaciones Asociadas
B28: [Nombre (es) completo (s) e información de contacto de la (s) organización (es) asociadas en la ejecución del proyecto, y nombres de los investigadores principales involucrados. Agregar “solo” un cuadro por cada organización].
C29: Representante Legal | D29: Responsible técnico
B30: Organización:
B31: Persona de contacto:
B32: Posición o título:
B33: Dirección:
B34: País:
B35: Tel.:
B36: Email:
B37: Tiempo de Dedicación (%)

Sheet A.II.a
B1: Anexo II. Presupuesto detallado por Componentes, Actividad y Categoría de Gasto (en US$)
B2: Notas: (1) Utilice valores enteros, sin decimales, dentro de lo posible. Consulte a su gerencia administrativa-financiera antes de remitir este presupuesto
B3: (2) las contrapartidas en especie deben ser especialmente en el rubro "Consultores" que refiere en este caso al aporte de personal de planta de las instituciones participantes
B4: (3) El presupuesto se debe realizar por Actividad - Producto
B5: (4) Los Gastos de Administracion de IICA se calculan como el 8,1% de los fondos destinados a la administracion de la oficina pais.
B6: (5) Coloque como imprevisto una suma de entre $1.000 a $5.000 como máximo
B7: (6) Coloque como monto aproximado para auditoría interna en $10.000
B11: PRESUPUESTO AÑO 1-2-3 | C11: RECURSOS FONTAGRO | G11: APORTE DE CONTRAPARTIDA | J11: TOTAL
B13: Categoría | C13: IICA | D13: Institución 1 | E13: Institución 2 | F13: Subtotal | G13: Institución 1 | H13: Institución 2 | I13: Subtotal
B14: COMPONENTE 1
B15: ACTIVIDAD 1.1. - Producto 1
B16: 01. Consultores y especialistas | D16: 10 | E16: 10 | F16: =SUM(C16:E16) -> 20 | G16: 10 | H16: 10 | I16: =SUM(G16:H16) -> 20 | J16: =F16+I16 -> 40
B17: 02. Bienes y servicios | F17: =SUM(C17:E17) -> 0 | I17: =SUM(G17:H17) -> 0 | J17: =F17+I17 -> 0
B18: 03. Materiales e insumos | F18: =SUM(C18:E18) -> 0 | I18: =SUM(G18:H18) -> 0 | J18: =F18+I18 -> 0
B19: 04. Viajes y viáticos | F19: =SUM(C19:E19) -> 0 | I19: =SUM(G19:H19) -> 0 | J19: =F19+I19 -> 0
B20: 05. Capacitación | F20: =SUM(C20:E20) -> 0 | I20: =SUM(G20:H20) -> 0 | J20: =F20+I20 -> 0
B21: 06. Gestión del conocimiento y comunicaciones | F21: =SUM(C21:E21) -> 0 | I21: =SUM(G21:H21) -> 0 | J21: =F21+I21 -> 0
B22: Subtotal | D22: =SUM(D16:D21) -> 10 | E22: =SUM(E16:E21) -> 10 | F22: =SUM(C22:E22) -> 20 | G22: =SUM(G16:G21) -> 10 | H22: =SUM(H16:H21) -> 10 | I22: =SUM(G22:H22) -> 20 | J22: =F22+I22 -> 40
B23: ACTIVIDAD 1.2. - Producto 2 | F23: =SUM(C23:E23) -> 0 | I23: =SUM(G23:H23) -> 0 | J23: =F23+I23 -> 0
B24: 01. Consultores y especialistas | D24: 15 | E24: 15 | F24: =SUM(C24:E24) -> 30 | G24: 15 | H24: 15 | I24: =SUM(G24:H24) -> 30 | J24: =F24+I24 -> 60
B25: 02. Bienes y servicios | F25: =SUM(C25:E25) -> 0 | I25: =SUM(G25:H25) -> 0 | J25: =F25+I25 -> 0
B26: 03. Materiales e insumos | F26: =SUM(C26:E26) -> 0 | I26: =SUM(G26:H26) -> 0 | J26: =F26+I26 -> 0
B27: 04. Viajes y viáticos | F27: =SUM(C27:E27) -> 0 | I27: =SUM(G27:H27) -> 0 | J27: =F27+I27 -> 0
B28: 05. Capacitación | F28: =SUM(C28:E28) -> 0 | I28: =SUM(G28:H28) -> 0 | J28: =F28+I28 -> 0
B29: 06. Gestión del conocimiento y comunicaciones | F29: =SUM(C29:E29) -> 0 | I29: =SUM(G29:H29) -> 0 | J29: =F29+I29 -> 0
B30: Subtotal | D30: =SUM(D24:D29) -> 15 | E30: =SUM(E24:E29) -> 15 | F30: =SUM(C30:E30) -> 30 | G30: =SUM(G24:G29) -> 15 | H30: =SUM(H24:H29) -> 15 | I30: =SUM(G30:H30) -> 30 | J30: =F30+I30 -> 60
B31: ACTIVIDAD 1.3. - Producto 3 | F31: =SUM(C31:E31) -> 0 | I31: =SUM(G31:H31) -> 0 | J31: =F31+I31 -> 0
B32: 01. Consultores y especialistas | F32: =SUM(C32:E32) -> 0 | I32: =SUM(G32:H32) -> 0 | J32: =F32+I32 -> 0
B33: 02. Bienes y servicios | F33: =SUM(C33:E33) -> 0 | I33: =SUM(G33:H33) -> 0 | J33: =F33+I33 -> 0
B34: 03. Materiales e insumos | F34: =SUM(C34:E34) -> 0 | I34: =SUM(G34:H34) -> 0 | J34: =F34+I34 -> 0
B35: 04. Viajes y viáticos | F35: =SUM(C35:E35) -> 0 | I35: =SUM(G35:H35) -> 0 | J35: =F35+I35 -> 0
B36: 05. Capacitación | F36: =SUM(C36:E36) -> 0 | I36: =SUM(G36:H36) -> 0 | J36: =F36+I36 -> 0
B37: 06. Gestión del conocimiento y comunicaciones | F37: =SUM(C37:E37) -> 0 | I37: =SUM(G37:H37) -> 0 | J37: =F37+I37 -> 0
B38: Subtotal | D38: =SUM(D32:D37) -> 0 | E38: =SUM(E32:E37) -> 0 | F38: =SUM(C38:E38) -> 0 | G38: =SUM(G32:G37) -> 0 | H38: =SUM(H32:H37) -> 0 | I38: =SUM(G38:H38) -> 0 | J38: =F38+I38 -> 0
B39: Subtotal Componente 1 | D39: =D22+D30+D38 -> 25 | E39: =E22+E30+E38 -> 25 | F39: =SUM(C39:E39) -> 50 | G39: =G22+G30+G38 -> 25 | H39: =H22+H30+H38 -> 25 | I39: =SUM(G39:H39) -> 50 | J39: =F39+I39 -> 100
B40: COMPONENTE 2
B41: ACTIVIDAD 2.1 - Producto 4 | F41: =SUM(C41:E41) -> 0 | I41: =SUM(G41:H41) -> 0 | J41: =F41+I41 -> 0
B42: 01. Consultores y especialistas | F42: =SUM(C42:E42) -> 0 | I42: =SUM(G42:H42) -> 0 | J42: =F42+I42 -> 0
B43: 02. Bienes y servicios | F43: =SUM(C43:E43) -> 0 | I43: =SUM(G43:H43) -> 0 | J43: =F43+I43 -> 0
B44: 03. Materiales e insumos | F44: =SUM(C44:E44) -> 0 | I44: =SUM(G44:H44) -> 0 | J44: =F44+I44 -> 0
B45: 04. Viajes y viáticos | F45: =SUM(C45:E45) -> 0 | I45: =SUM(G45:H45) -> 0 | J45: =F45+I45 -> 0
B46: 05. Capacitación | F46: =SUM(C46:E46) -> 0 | I46: =SUM(G46:H46) -> 0 | J46: =F46+I46 -> 0
B47: 06. Gestión del conocimiento y comunicaciones | F47: =SUM(C47:E47) -> 0 | I47: =SUM(G47:H47) -> 0 | J47: =F47+I47 -> 0
B48: Subtotal | D48: =SUM(D42:D47) -> 0 | E48: =SUM(E42:E47) -> 0 | F48: =SUM(C48:E48) -> 0 | G48: =SUM(G42:G47) -> 0 | H48: =SUM(H42:H47) -> 0 | I48: =SUM(G48:H48) -> 0 | J48: =F48+I48 -> 0
B49: ACTIVIDAD 2.2 - Producto 5 | F49: =SUM(C49:E49) -> 0 | I49: =SUM(G49:H49) -> 0 | J49: =F49+I49 -> 0
B50: 01. Consultores y especialistas | F50: =SUM(C50:E50) -> 0 | I50: =SUM(G50:H50) -> 0 | J50: =F50+I50 -> 0
B51: 02. Bienes y servicios | F51: =SUM(C51:E51) -> 0 | I51: =SUM(G51:H51) -> 0 | J51: =F51+I51 -> 0
B52: 03. Materiales e insumos | F52: =SUM(C52:E52) -> 0 | I52: =SUM(G52:H52) -> 0 | J52: =F52+I52 -> 0
B53: 04. Viajes y viáticos | F53: =SUM(C53:E53) -> 0 | I53: =SUM(G53:H53) -> 0 | J53: =F53+I53 -> 0
B54: 05. Capacitación | F54: =SUM(C54:E54) -> 0 | I54: =SUM(G54:H54) -> 0 | J54: =F54+I54 -> 0
B55: 06. Gestión del conocimiento y comunicaciones | F55: =SUM(C55:E55) -> 0 | I55: =SUM(G55:H55) -> 0 | J55: =F55+I55 -> 0
B56: Subtotal | D56: =SUM(D50:D55) -> 0 | E56: =SUM(E50:E55) -> 0 | F56: =SUM(C56:E56) -> 0 | G56: =SUM(G50:G55) -> 0 | H56: =SUM(H50:H55) -> 0 | I56: =SUM(G56:H56) -> 0 | J56: =F56+I56 -> 0
B57: ACTIVIDAD 2.3 - Producto 6 | F57: =SUM(C57:E57) -> 0 | I57: =SUM(G57:H57) -> 0 | J57: =F57+I57 -> 0
B58: 01. Consultores y especialistas | F58: =SUM(C58:E58) -> 0 | I58: =SUM(G58:H58) -> 0 | J58: =F58+I58 -> 0
B59: 02. Bienes y servicios | F59: =SUM(C59:E59) -> 0 | I59: =SUM(G59:H59) -> 0 | J59: =F59+I59 -> 0
B60: 03. Materiales e insumos | F60: =SUM(C60:E60) -> 0 | I60: =SUM(G60:H60) -> 0 | J60: =F60+I60 -> 0
B61: 04. Viajes y viáticos | F61: =SUM(C61:E61) -> 0 | I61: =SUM(G61:H61) -> 0 | J61: =F61+I61 -> 0
B62: 05. Capacitación | F62: =SUM(C62:E62) -> 0 | I62: =SUM(G62:H62) -> 0 | J62: =F62+I62 -> 0
B63: 06. Gestión del conocimiento y comunicaciones | F63: =SUM(C63:E63) -> 0 | I63: =SUM(G63:H63) -> 0 | J63: =F63+I63 -> 0
B64: Subtotal | D64: =SUM(D58:D63) -> 0 | E64: =SUM(E58:E63) -> 0 | F64: =SUM(C64:E64) -> 0 | G64: =SUM(G58:G63) -> 0 | H64: =SUM(H58:H63) -> 0 | I64: =SUM(G64:H64) -> 0 | J64: =F64+I64 -> 0
B65: Subtotal Componente 2 | D65: =D48+D56+D64 -> 0 | E65: =E48+E56+E64 -> 0 | F65: =SUM(C65:E65) -> 0 | G65: =G48+G56+G64 -> 0 | H65: =H48+H56+H64 -> 0 | I65: =SUM(G65:H65) -> 0 | J65: =F65+I65 -> 0
B66: COMPONENTE 3 | F66: =SUM(C66:E66) -> 0 | I66: =SUM(G66:H66) -> 0 | J66: =F66+I66 -> 0
B67: ACTIVIDAD 3.1- Producto 7 | F67: =SUM(C67:E67) -> 0 | I67: =SUM(G67:H67) -> 0 | J67: =F67+I67 -> 0
B68: 01. Consultores y especialistas | F68: =SUM(C68:E68) -> 0 | I68: =SUM(G68:H68) -> 0 | J68: =F68+I68 -> 0
B69: 02. Bienes y servicios | F69: =SUM(C69:E69) -> 0 | I69: =SUM(G69:H69) -> 0 | J69: =F69+I69 -> 0
B70: 03. Materiales e insumos | F70: =SUM(C70:E70) -> 0 | I70: =SUM(G70:H70) -> 0 | J70: =F70+I70 -> 0
B71: 04. Viajes y viáticos | F71: =SUM(C71:E71) -> 0 | I71: =SUM(G71:H71) -> 0 | J71: =F71+I71 -> 0
B72: 05. Capacitación | F72: =SUM(C72:E72) -> 0 | I72: =SUM(G72:H72) -> 0 | J72: =F72+I72 -> 0
B73: 06. Gestión del conocimiento y comunicaciones | F73: =SUM(C73:E73) -> 0 | I73: =SUM(G73:H73) -> 0 | J73: =F73+I73 -> 0
B74: Subtotal | D74: =SUM(D68:D73) -> 0 | E74: =SUM(E68:E73) -> 0 | F74: =SUM(C74:E74) -> 0 | G74: =SUM(G68:G73) -> 0 | H74: =SUM(H68:H73) -> 0 | I74: =SUM(G74:H74) -> 0 | J74: =F74+I74 -> 0
B75: ACTIVIDAD 3.2- Producto 8 | F75: =SUM(C75:E75) -> 0 | I75: =SUM(G75:H75) -> 0 | J75: =F75+I75 -> 0
B76: 01. Consultores y especialistas | F76: =SUM(C76:E76) -> 0 | I76: =SUM(G76:H76) -> 0 | J76: =F76+I76 -> 0
B77: 02. Bienes y servicios | F77: =SUM(C77:E77) -> 0 | I77: =SUM(G77:H77) -> 0 | J77: =F77+I77 -> 0
B78: 03. Materiales e insumos | F78: =SUM(C78:E78) -> 0 | I78: =SUM(G78:H78) -> 0 | J78: =F78+I78 -> 0
B79: 04. Viajes y viáticos | F79: =SUM(C79:E79) -> 0 | I79: =SUM(G79:H79) -> 0 | J79: =F79+I79 -> 0
B80: 05. Capacitación | F80: =SUM(C80:E80) -> 0 | I80: =SUM(G80:H80) -> 0 | J80: =F80+I80 -> 0
B81: 06. Gestión del conocimiento y comunicaciones | F81: =SUM(C81:E81) -> 0 | I81: =SUM(G81:H81) -> 0 | J81: =F81+I81 -> 0
B82: Subtotal | D82: =SUM(D76:D81) -> 0 | E82: =SUM(E76:E81) -> 0 | F82: =SUM(C82:E82) -> 0 | G82: =SUM(G76:G81) -> 0 | H82: =SUM(H76:H81) -> 0 | I82: =SUM(G82:H82) -> 0 | J82: =F82+I82 -> 0
B83: ACTIVIDAD 3.3- Producto 9 | F83: =SUM(C83:E83) -> 0 | I83: =SUM(G83:H83) -> 0 | J83: =F83+I83 -> 0
B84: 01. Consultores y especialistas | F84: =SUM(C84:E84) -> 0 | I84: =SUM(G84:H84) -> 0 | J84: =F84+I84 -> 0
B85: 02. Bienes y servicios | F85: =SUM(C85:E85) -> 0 | I85: =SUM(G85:H85) -> 0 | J85: =F85+I85 -> 0
B86: 03. Materiales e insumos | F86: =SUM(C86:E86) -> 0 | I86: =SUM(G86:H86) -> 0 | J86: =F86+I86 -> 0
B87: 04. Viajes y viáticos | F87: =SUM(C87:E87) -> 0 | I87: =SUM(G87:H87) -> 0 | J87: =F87+I87 -> 0
B88: 05. Capacitación | F88: =SUM(C88:E88) -> 0 | I88: =SUM(G88:H88) -> 0 | J88: =F88+I88 -> 0
B89: 06. Gestión del conocimiento y comunicaciones | F89: =SUM(C89:E89) -> 0 | I89: =SUM(G89:H89) -> 0 | J89: =F89+I89 -> 0
B90: Subtotal | D90: =SUM(D84:D89) -> 0 | E90: =SUM(E84:E89) -> 0 | F90: =SUM(C90:E90) -> 0 | G90: =SUM(G84:G89) -> 0 | H90: =SUM(H84:H89) -> 0 | I90: =SUM(G90:H90) -> 0 | J90: =F90+I90 -> 0
B91: Subtotal Componente 3 | D91: =D74+D82+D90 -> 0 | E91: =E74+E82+E90 -> 0 | F91: =SUM(C91:E91) -> 0 | G91: =G74+G82+G90 -> 0 | H91: =H74+H82+H90 -> 0 | I91: =SUM(G91:H91) -> 0 | J91: =F91+I91 -> 0
B92: 07. Gastos Administrativos | C92: =C98 -> 4.05 | F92: =SUM(C92:E92) -> 4.05 | I92: =SUM(G92:H92) -> 0 | J92: =F92+I92 -> 4.05
B93: 08. Imprevistos | F93: =SUM(C93:E93) -> 0 | I93: =SUM(G93:H93) -> 0 | J93: =F93+I93 -> 0
B94: 09. Auditoría Externa | C94: 10000 | F94: =SUM(C94:E94) -> 10000 | I94: =SUM(G94:H94) -> 0 | J94: =F94+I94 -> 10000
B95: TOTAL | C95: =SUM(C92:C94) -> 10004.05 | D95: =D22+D30+D38+D48+D56+D64+D74+D82+D90+D92+D93+D94 -> 25 | E95: =E22+E30+E38+E48+E56+E64+E74+E82+E90+E92+E93+E94 -> 25 | F95: =F22+F30+F38+F48+F56+F64+F74+F82+F90+F92+F93+F94 -> 10054.05 | G95: =G22+G30+G38+G48+G56+G64+G74+G82+G90+G92+G93+G94 -> 25 | H95: =H22+H30+H38+H48+H56+H64+H74+H82+H90+H92+H93+H94 -> 25 | I95: =I22+I30+I38+I48+I56+I64+I74+I82+I90+I92+I93+I94 -> 50 | J95: =J22+J30+J38+J48+J56+J64+J74+J82+J90+J92+J93+J94 -> 10104.05
B98: Estimación Fees IICA (8,1%) | C98: {=SUM(D95:E95*8.1%)} -> 4.05
B100: Recursos financiados por: | C100: FONTAGRO | G100: CONTRAPARTIDA (5) | J100: TOTAL
C101: IICA | D101: Institución 1 | E101: Institución 2 | F101: Subtotal | G101: Institución 1 | H101: Institución 2 | I101: Subtotal
B102: 01. Consultores | C102: =C16+C24+C32+C42+C50+C58+C68+C76+C84 -> 0 | D102: =D16+D24+D32+D42+D50+D58+D68+D76+D84 -> 25 | E102: =E16+E24+E32+E42+E50+E58+E68+E76+E84 -> 25 | F102: =F16+F24+F32+F42+F50+F58+F68+F76+F84 -> 50 | G102: =G16+G24+G32+G42+G50+G58+G68+G76+G84 -> 25 | H102: =H16+H24+H32+H42+H50+H58+H68+H76+H84 -> 25 | I102: =SUM(G102:H102) -> 50 | J102: =I102+F102 -> 100
B103: 02. Bienes y servicios | C103: =C17+C25+C33+C43+C51+C59+C69+C77+C85 -> 0 | D103: =D17+D25+D33+D43+D51+D59+D69+D77+D85 -> 0 | E103: =E17+E25+E33+E43+E51+E59+E69+E77+E85 -> 0 | F103: =F17+F25+F33+F43+F51+F59+F69+F77+F85 -> 0 | G103: =G17+G25+G33+G43+G51+G59+G69+G77+G85 -> 0 | H103: =H17+H25+H33+H43+H51+H59+H69+H77+H85 -> 0 | I103: =I17+I25+I33+I43+I51+I59+I69+I77+I85 -> 0 | J103: =I103+F103 -> 0
B104: 03. Materiales e insumos | C104: =C18+C26+C34+C44+C52+C60+C70+C78+C86 -> 0 | D104: =D18+D26+D34+D44+D52+D60+D70+D78+D86 -> 0 | E104: =E18+E26+E34+E44+E52+E60+E70+E78+E86 -> 0 | F104: =F18+F26+F34+F44+F52+F60+F70+F78+F86 -> 0 | G104: =G18+G26+G34+G44+G52+G60+G70+G78+G86 -> 0 | H104: =H18+H26+H34+H44+H52+H60+H70+H78+H86 -> 0 | I104: =I18+I26+I34+I44+I52+I60+I70+I78+I86 -> 0 | J104: =I104+F104 -> 0
B105: 04. Viajes y viáticos | C105: =C19+C27+C35+C45+C53+C61+C71+C79+C87 -> 0 | D105: =D19+D27+D35+D45+D53+D61+D71+D79+D87 -> 0 | E105: =E19+E27+E35+E45+E53+E61+E71+E79+E87 -> 0 | F105: =F19+F27+F35+F45+F53+F61+F71+F79+F87 -> 0 | G105: =G19+G27+G35+G45+G53+G61+G71+G79+G87 -> 0 | H105: =H19+H27+H35+H45+H53+H61+H71+H79+H87 -> 0 | I105: =I19+I27+I35+I45+I53+I61+I71+I79+I87 -> 0 | J105: =I105+F105 -> 0
B106: 05. Capacitación | C106: =C20+C28+C36+C46+C54+C62+C72+C80+C88 -> 0 | D106: =D20+D28+D36+D46+D54+D62+D72+D80+D88 -> 0 | E106: =E20+E28+E36+E46+E54+E62+E72+E80+E88 -> 0 | F106: =F20+F28+F36+F46+F54+F62+F72+F80+F88 -> 0 | G106: =G20+G28+G36+G46+G54+G62+G72+G80+G88 -> 0 | H106: =H20+H28+H36+H46+H54+H62+H72+H80+H88 -> 0 | I106: =I20+I28+I36+I46+I54+I62+I72+I80+I88 -> 0 | J106: =I106+F106 -> 0
B107: 06. Gestión del conocimiento y comunicaciones | C107: =C21+C29+C37+C47+C55+C63+C73+C81+C89 -> 0 | D107: =D21+D29+D37+D47+D55+D63+D73+D81+D89 -> 0 | E107: =E21+E29+E37+E47+E55+E63+E73+E81+E89 -> 0 | F107: =F21+F29+F37+F47+F55+F63+F73+F81+F89 -> 0 | G107: =G21+G29+G37+G47+G55+G63+G73+G81+G89 -> 0 | H107: =H21+H29+H37+H47+H55+H63+H73+H81+H89 -> 0 | I107: =I21+I29+I37+I47+I55+I63+I73+I81+I89 -> 0 | J107: =I107+F107 -> 0
...

Sheet A.II.b
B1: Anexo II. Estimación de Montos Máximos
B4: Monto Total (US$) | D4: 250000 | E4: [colocar el monto que financia FONTAGRO]
B6: Categoria de Gasto | C6: Hasta: | D6: Máximo Admitido | E6: Máximo de su Proyecto
B7: 01. Consultores y Especialistas | C7: 0.6 | D7: =C7*$D$4 -> 150000 | E7: ='A.II.a'!F102 -> 50
B8: 02. Bienes y Servicios | C8: 0.3 | D8: =C8*$D$4 -> 75000 | E8: ='A.II.a'!F103 -> 0
B9: 03. Materiales e Insumos | C9: 0.4 | D9: =C9*$D$4 -> 100000 | E9: ='A.II.a'!F104 -> 0
B10: 04. Viajes y Viáticos | C10: 0.3 | D10: =C10*$D$4 -> 75000 | E10: ='A.II.a'!F105 -> 0
B11: 05. Capacitación | C11: 0.3 | D11: =C11*$D$4 -> 75000 | E11: ='A.II.a'!F106 -> 0
B12: 06. Gestión del Conocimiento y Comunicaciones | C12: 0.3 | D12: =C12*$D$4 -> 75000 | E12: ='A.II.a'!F107 -> 0
B13: 07. Gastos Administrativos | C13: 0.081 | D13: =C13*$D$4 -> 20250 | E13: ='A.II.a'!F108 -> 4.05
B14: 08. Imprevistos | C14: 0.05 | D14: =C14*$D$4 -> 12500 | E14: ='A.II.a'!F109 -> 0
B15: 09. Auditoria | C15: 0.05 | D15: =C15*$D$4 -> 12500 | E15: ='A.II.a'!F110 -> 10000
E17: =SUM(E7:E16) -> 10054.05

Sheet A.II.c
B1: Anexo II. Matriz de Productos
B5: Componentes | I5: Progreso Financiero: Costo por año y Costo Total en $
B6: Producto | C6: P | D6: Año 1 | E6: Año 2 | F6: Año 3 | G6: Año 4 | H6: Fin | I6: Año 1 | J6: Año 2 | K6: Año 3 | L6: Año 4 | M6: Costo Total
C8: [1] | D8: [2] | H8: [3] | I8: [4] | M8: [5] | N8: Ver notas de abajo
B9: COMPONENTE 1.
B10: Producto 1 | C10: 3 | E10: 1 | F10: 1 | G10: 1 | H10: =SUM(D10:G10) -> 3 | I10: 5000 | J10: 5000 | K10: 5000 | M10: =SUM(I10:L10) -> 15000
B11: Producto 2
B12: Producto 3
B13: COMPONENTE 2.
B14: Producto 3
B15: Producto 4
B16: Producto 5
B17: COMPONENTE 3.
B18: Producto 6
B19: Producto 7
B20: Producto 8
H21: Otros Costos
D22: [6] | E22: Gastos Administrativos IICA (8,1%) | I22: 3500 | J22: 3500 | K22: 2000 | L22: 2000 | M22: =SUM(I22:L22) -> 11000 | N22: Viene del Presupuesto Detallado
D23: [7] | E23: Imprevistos | I23: 1000 | J23: 1000 | K23: 1000 | M23: =SUM(I23:L23) -> 3000 | N23: Viene del Presupuesto Detallado
D24: [8] | E24: Auditoria | I24: 2500 | J24: 2500 | K24: 2500 | L24: 2500 | M24: =SUM(I24:L24) -> 10000 | N24: Viene del Presupuesto Detallado
G25: Costo Total | I25: =SUM(I10:I24) -> 12000 | M25: 250000 | N25: ==> el total debe ser la suma del monto a solicitar a FONTAGRO unicamente,
N26: y por tanto coincidir con el presupuesto detallado y consolidado.
N27: Verifique las sumas y controles de totales
I28: El total de cada año debe coincidir con la solicitud
I29: de desembolso a realizar, y en linea al POA de cada año

Sheet A.III.PA
B1: Anexo III. Plan de Adquisiciones (PA)
B12: PLAN DE ADQUISICIONES TOTAL | N12: PLAN DE ADQUISICIONES - Organización, país
B13: Número del Proyecto: | N13: Número del Proyecto:
B14: Período del Plan: | M14: LP | N14: Período del Plan:
B15: Componente | C15: Actividad | D15: Producto | E15: Descripción del gasto | F15: Organización, país | G15: Costo (US$) | H15: Método de Adquisición (2) | I15: Año de ejecución | J15: Comentarios | M15: SCC | N15: Componente | O15: Actividad | P15: Producto | Q15: Descripción del gasto | R15: Organización, país | S15: Costo (US$) | T15: Método de Adquisición | U15: Año de ejecución | V15: Comentarios
E16: Consultores | M16: SBMC | Q16: Consultores
B17: I | C17: 1.1 | D17: 1 | E17: Consultor para la Actividad 1.1 | F17: Organización 1, país 1 | G17: 10000 | I17: Año 1 | M17: CCIN | N17: I | O17: 1.1 | P17: 1 | Q17: Consultor para la Actividad 1.1 | R17: Organización 1, país 1 | S17: 10000 | U17: Año 1
B18: II | C18: 2.1 | D18: 4 | E18: Consultor para la Actividad 2.1 | F18: Organización 3, país 3 | G18: 15000 | I18: Año 2 | M18: CP | N18: II | O18: 2.1 | P18: 4 | Q18: Consultor para la Actividad 2.1 | R18: Organización 3, país 3 | S18: 15000 | U18: Año 2
B19: III | C19: 3.3 | D19: 8 | E19: Consultor para la Actividad 3.3 | F19: Organización 2, país 2 | G19: 5000 | I19: Año 3 | N19: III | O19: 3.3 | P19: 8 | Q19: Consultor para la Actividad 3.3 | R19: Organización 2, país 2 | S19: 5000 | U19: Año 3
E21: Subtotal Consultores | G21: =SUM(G16:G19) -> 30000 | M21: SBC | Q21: Subtotal Consultores | S21: =SUM(S16:S19) -> 30000
E22: Bienes | M22: SN | Q22: Bienes
E26: Subtotal Bienes | G26: =SUM(G22:G25) -> 0 | M26: Ex Post | Q26: Subtotal Bienes | S26: =SUM(S22:S25) -> 0
E27: Servicios | M27: Ex Ante | Q27: Servicios
E31: Subtotal Servicios | G31: =SUM(G27:G30) -> 0 | Q31: Subtotal Servicios | S31: =SUM(S27:S30) -> 0
E32: Materiales e Insumos | Q32: Materiales e Insumos
E36: Subtotal Servicios | G36: =SUM(G31:G33) -> 0 | Q36: Subtotal Servicios | S36: =SUM(S31:S33) -> 0
E37: Viajes y viáticos | Q37: Viajes y viáticos
E41: Subtotal Servicios | G41: =SUM(G35:G37) -> 0 | Q41: Subtotal Servicios | S41: =SUM(S35:S37) -> 0
E42: Capacitación | Q42: Capacitación
E46: Subtotal Servicios | G46: =SUM(G40:G42) -> 0 | Q46: Subtotal Servicios | S46: =SUM(S40:S42) -> 0
E47: Gestión del Conocimiento y Comunicación | Q47: Gestión del Conocimiento y Comunicación
E50: Subtotal Servicios | G50: =SUM(G45:G46) -> 0 | Q50: Subtotal Servicios | S50: =SUM(S45:S46) -> 0
E51: Gastos Administrativos | G51: viene del presupuesto | Q51: Gastos Administrativos | S51: viene del presupuesto
E52: Imprevistos | G52: viene del presupuesto | Q52: Imprevistos | S52: viene del presupuesto
E53: Auditoría Interna | G53: viene del presupuesto | Q53: Auditoría Interna | S53: viene del presupuesto
B54: Total | G54: 250000 | H54: Preparado por: | N54: Total | S54: 250000 | T54: Preparado por:
B58: (1) Se recomienda el agrupamiento de adquisiciones de naturaleza similar tales como equipos informáticos, mobiliario, publicaciones. pasajes, etc. Si hubiesen grupos de contratos individuales similares que van a ser ejecutados en distintos períodos, éstos pueden incluirse agrupados bajo un solo rubro con una explicación en la columna de comentarios indicando el valor promedio individual y el período durante el cual serían ejecutados. Por ejemplo: En un proyecto de promoción de exportaciones que incluye viajes para participar en ferias, se pondría un ítem que diría “Pasajes aéreos Ferias", el valor total estimado en US$ 5 mil y una explicación en la columna Comentarios: “Este es un agrupamiento de aproximadamente 4 pasajes para participar en ferias de la región durante el año X y X1. | N58: (1) Se recomienda el agrupamiento de adquisiciones de naturaleza similar tales como equipos informáticos, mobiliario, publicaciones. pasajes, etc. Si hubiesen grupos de contratos individuales similares que van a ser ejecutados en distintos períodos, éstos pueden incluirse agrupados bajo un solo rubro con una explicación en la columna de comentarios indicando el valor promedio individual y el período durante el cual serían ejecutados. Por ejemplo: En un proyecto de promoción de exportaciones que incluye viajes para participar en ferias, se pondría un ítem que diría “Pasajes aéreos Ferias", el valor total estimado en US$ 5 mil y una explicación en la columna Comentarios: “Este es un agrupamiento de aproximadamente 4 pasajes para participar en ferias de la región durante el año X y X1.
B59: (2) Bienes y Obras: CP: Comparación de Precios; CD: Contratación Directa (es casos especiales a remitir por memo interno y requiere la No Objecion de IICA/FONTAGRO). | N59: (2) Bienes y Obras: CP: Comparación de Precios; CD: Contratación Directa (es casos especiales a remitir por memo interno y requiere la No Objecion de IICA/FONTAGRO).
B60: (2) Firmas de consultoria: SCC: Selección Basada en la Calificación de los Consultores; SBCC: Selección Basada en Calidad y Costo; SBMC: Selección Basada en el Menor Costo; SBPF: Selección Basada en Presupuesto Fijo. SD: Selección Directa (en casos especiales y bajo justificacion oficial, requiere la no objecion de IICA/FONTAGRO); SBC: Selección Basada en Calidad | N60: (2) Firmas de consultoria: SCC: Selección Basada en la Calificación de los Consultores; SBCC: Selección Basada en Calidad y Costo; SBMC: Selección Basada en el Menor Costo; SBPF: Selección Basada en Presupuesto Fijo. SD: Selección Directa (en casos especiales y bajo justificacion oficial, requiere la no objecion de IICA/FONTAGRO); SBC: Selección Basada en Calidad
B61: (2) Consultores Individuales: CCIN: Selección basada en la Comparación de Calificaciones Consultor Individual; SD: Selección Directa (en casos especiales y bajo justificacion oficial, requiere la no objecion de IICA/FONTAGRO). | N61: (2) Consultores Individuales: CCIN: Selección basada en la Comparación de Calificaciones Consultor Individual; SD: Selección Directa (en casos especiales y bajo justificacion oficial, requiere la no objecion de IICA/FONTAGRO).
B62: (2) Sistema nacional: SN: Para CTNR del Sector Público cuando el sistema nacional esté aprobado para el método asociado con la adquisición. | N62: (2) Sistema nacional: SN: Para CTNR del Sector Público cuando el sistema nacional esté aprobado para el método asociado con la adquisición.
B63: (3) Revisión ex-ante/ex-post/SN. (a REVISAR con IICA/FONTAGRO) En general, dependiendo de la capacidad institucional y el nivel de riesgo asociados a las adquisiciones la modalidad estándar es revisión ex-post. Para procesos críticos o complejos podrá establecerse la revisión ex-ante. En casos que el sistema nacional esté aprobado para el método asociado con la adqisicion, la supervision es por sistema nacional | N63: (3) Revisión ex-ante/ ex-post / SN. (a REVISAR con IICA/FONTAGRO) En general, dependiendo de la capacidad institucional y el nivel de riesgo asociados a las adquisiciones la modalidad estándar es revisión ex-post. Para procesos críticos o complejos podrá establecerse la revisión ex-ante. En casos que el sistema nacional esté aprobado para el método asociado con la adqisicion, la supervision es por sistema nacional
B64: (4) Revisión técnica: (a REVISAR con IICA/FONTAGRO) Esta columna será utilizada por el JEP para definir aquellas adquisiciones que considere "críticas" o "complejas" que requieran la revisión ex ante de los términos de referencia, especificaciones técnicas, informes, productos, u otros. | N64: (4) Revisión técnica: (a REVISAR con IICA/FONTAGRO) Esta columna será utilizada por el JEP para definir aquellas adquisiciones que considere "críticas" o "complejas" que requieran la revisión ex ante de los términos de referencia, especificaciones técnicas, informes, productos, u otros.

Sheet A.IV.POA
B1: Anexo IV. Plan Operativo Anual (POA)
B3: Actividad | C3: Producto | D3: Año I | H3: Año II | L3: Año III | P3: Año IV | T3: Sitios | V3: Observaciones
D4: I | E4: II | F4: III | G4: IV | H4: I | I4: II | J4: III | K4: IV | L4: I | M4: II | N4: III | O4: IV | P4: I | Q4: II | R4: III | S4: IV
B5: COMPONENTE 1
B6: Actividad 1.1 | C6: Producto 1 | D6: [señalar con X] | T6: [Institucion, Pais]
B7: Actividad 1.2 | C7: Producto 2 | D7: X | T7: [Institucion, Pais]
B10: COMPONENTE 2
B14: COMPONENTE 3

Sheet A.V.a
B1: Anexo V. Matriz de Indicadores
B5: Producto | C5: Categoría de indicador | D5: Indicador | E5: Meta / valor comprometido | F5: Unidad
B6: Producto 1 | C6: Indicador corporativo de resultado | D6: Número de tecnologías avanzadas y validadas, salto de TRL | E6: 2 tecnologías validadas | F6: # tecnologías | G6: ← fila de EJEMPLO: edítela o bórrela
H7: =IFERROR(MATCH($C7,CATEGORIAS_LIST,0),"")
H8: =IFERROR(MATCH($C8,CATEGORIAS_LIST,0),"")
H9: =IFERROR(MATCH($C9,CATEGORIAS_LIST,0),"")
H10: =IFERROR(MATCH($C10,CATEGORIAS_LIST,0),"")
H11: =IFERROR(MATCH($C11,CATEGORIAS_LIST,0),"")
H12: =IFERROR(MATCH($C12,CATEGORIAS_LIST,0),"")
H13: =IFERROR(MATCH($C13,CATEGORIAS_LIST,0),"")
H14: =IFERROR(MATCH($C14,CATEGORIAS_LIST,0),"")
H15: =IFERROR(MATCH($C15,CATEGORIAS_LIST,0),"")
H16: =IFERROR(MATCH($C16,CATEGORIAS_LIST,0),"")
H17: =IFERROR(MATCH($C17,CATEGORIAS_LIST,0),"")
H18: =IFERROR(MATCH($C18,CATEGORIAS_LIST,0),"")
... H65: =IFERROR(MATCH($C65,CATEGORIAS_LIST,0),"")

Sheet A.V.b
B1: Anexo V. Verificación de Indicadores Corporativos
B3: =IF(AND($D$15="Sí",$C$26>=3),"✅ CUMPLE: los indicadores corporativos comprometidos satisfacen las reglas de FONTAGRO.","❌ NO CUMPLE: revise las tablas de abajo para ver qué indicadores corporativos faltan.") -> ❌ NO CUMPLE: revise las tablas de abajo para ver qué indicadores corporativos faltan.
B6: A. Indicadores corporativos de RESULTADO — deben estar TODOS cubiertos por al menos un producto
B7: Indicador | C7: # Productos que lo reportan | D7: ¿Cubierto?
B8: Número de tecnologías avanzadas y validadas, salto de TRL | C8: =COUNTIFS('A.V.a'!$C$7:$C$65,"Indicador corporativo de resultado",'A.V.a'!$D$7:$D$65,$B8) -> 0 | D8: =IF($C8>0,"Sí","No") -> No
B9: Número de publicaciones científicas y/o registros de propiedad | C9: =COUNTIFS('A.V.a'!$C$7:$C$65,"Indicador corporativo de resultado",'A.V.a'!$D$7:$D$65,$B9) -> 0 | D9: =IF($C9>0,"Sí","No") -> No
B10: Número de destinatarios beneficiados | C10: =COUNTIFS('A.V.a'!$C$7:$C$65,"Indicador corporativo de resultado",'A.V.a'!$D$7:$D$65,$B10) -> 0 | D10: =IF($C10>0,"Sí","No") -> No
B11: Número de personal científico-técnico capacitado | C11: =COUNTIFS('A.V.a'!$C$7:$C$65,"Indicador corporativo de resultado",'A.V.a'!$D$7:$D$65,$B11) -> 0 | D11: =IF($C11>0,"Sí","No") -> No
B12: Número de productos de diseminación tecnológica | C12: =COUNTIFS('A.V.a'!$C$7:$C$65,"Indicador corporativo de resultado",'A.V.a'!$D$7:$D$65,$B12) -> 0 | D12: =IF($C12>0,"Sí","No") -> No
B13: Número de ensayos y/o pilotos implementados y validados | C13: =COUNTIFS('A.V.a'!$C$7:$C$65,"Indicador corporativo de resultado",'A.V.a'!$D$7:$D$65,$B13) -> 0 | D13: =IF($C13>0,"Sí","No") -> No
B15: Indicadores de resultado cubiertos: | C15: =COUNTIF($D8:$D13,"Sí")&" de 6" -> 0 de 6 | D15: =IF(COUNTIF($D8:$D13,"No")=0,"Sí","No") -> No
B17: B. Indicadores corporativos de IMPACTO — deben estar cubiertos al menos 3 de los 6
B18: Indicador | C18: # Productos que lo reportan | D18: ¿Usado?
B19: Incremento en productividad | C19: =COUNTIFS('A.V.a'!$C$7:$C$65,"Indicador corporativo de impacto",'A.V.a'!$D$7:$D$65,$B19) -> 0 | D19: =IF($C19>0,"Sí","No") -> No
B20: Mayor precio | C20: =COUNTIFS('A.V.a'!$C$7:$C$65,"Indicador corporativo de impacto",'A.V.a'!$D$7:$D$65,$B20) -> 0 | D20: =IF($C20>0,"Sí","No") -> No
B21: Reducción de costo | C21: =COUNTIFS('A.V.a'!$C$7:$C$65,"Indicador corporativo de impacto",'A.V.a'!$D$7:$D$65,$B21) -> 0 | D21: =IF($C21>0,"Sí","No") -> No
B22: Reducción de impacto ambiental | C22: =COUNTIFS('A.V.a'!$C$7:$C$65,"Indicador corporativo de impacto",'A.V.a'!$D$7:$D$65,$B22) -> 0 | D22: =IF($C22>0,"Sí","No") -> No
B23: Impacto social favorable | C23: =COUNTIFS('A.V.a'!$C$7:$C$65,"Indicador corporativo de impacto",'A.V.a'!$D$7:$D$65,$B23) -> 0 | D23: =IF($C23>0,"Sí","No") -> No
B24: Incremento de superficie o número de productores que adoptan la tecnología | C24: =COUNTIFS('A.V.a'!$C$7:$C$65,"Indicador corporativo de impacto",'A.V.a'!$D$7:$D$65,$B24) -> 0 | D24: =IF($C24>0,"Sí","No") -> No
B26: Indicadores de impacto distintos usados: | C26: =COUNTIF($D19:$D24,"Sí") -> 0 | D26: =IF($C26>=3,"Sí","No") -> No

Sheet Ref_Programas
A1: ID | B1: Título | C1: Objetivo específico
A2: PI1 | B2: Transformación de sistemas de cultivos resilientes y carbono neutros | C2: Impulsar el desarrollo, validación y adopción de innovaciones tecnológicas que aumenten la productividad de manera sostenible, reduzcan la huella ambiental, fortalezcan la resiliencia climática, optimicen la captura de carbono y promuevan la conservación de la biodiversidad y el uso eficiente de los recursos en sistemas agrícolas diversificados, regenerativos y carbono-neutros de ALC, articulando redes de investigación, validación en fincas y esquemas de escalamiento que garanticen el acceso equitativo a la innovación.
A3: PI2 | B3: Transformación de los sistemas ganaderos y de proteína animal: eficiencia productiva con menor huella ambiental | C3: Desarrollar e implementar innovaciones tecnológicas y de gestión que fortalezcan la productividad, la estabilidad forrajera, la eficiencia reproductiva y sanitaria, y la adaptación al cambio climático en sistemas ganaderos y de proteína animal, reduciendo las emisiones de gases de efecto invernadero, mejorando el bienestar animal y el acceso a mercados diferenciados, e incorporando procesos de digitalización, equidad de género y relevo generacional en la transformación sostenible del sector.
A4: PI3 | B4: Impacto 2030: escalamiento efectivo de la I+D+i mediante nuevos modelos de extensión, transferencia tecnológica y alianzas público-privadas | C4: Fortalecer el escalamiento de la I+D+i en ALC mediante nuevos modelos de extensión inteligente y alianzas público-privadas, integrando inteligencia artificial, ciencia de datos y plataformas colaborativas que promuevan la adopción masiva de innovaciones, la validación en territorio y la generación de bienes públicos regionales para sistemas agroalimentarios más sostenibles.
A5: PI4 | B5: Revolución digital en la agricultura: robótica e inteligencia artificial para la innovación regional | C5: Impulsar la transformación digital de los sistemas agroalimentarios de América Latina y el Caribe mediante el financiamiento y articulación de pilotos, plataformas y redes de innovación en robótica, inteligencia artificial y agricultura de precisión, promoviendo la co-creación de soluciones tecnológicas escalables y adaptadas a los contextos regionales, con el fin de aumentar la productividad, optimizar el uso de recursos, reducir pérdidas y riesgos climáticos, y consolidar a FONTAGRO como referente regional en digitalización agrícola con impacto social, económico y ambiental.
A6: PI5 | B6: La canasta alimentaria del futuro: diversificación y aprovechamiento de la biodiversidad para una nutrición sostenible | C6: Impulsar la diversificación de la canasta alimentaria en América Latina y el Caribe mediante la investigación, valorización y escalamiento de la biodiversidad regional, integrando ciencia, tecnología, saberes ancestrales y el enfoque One Health para desarrollar alimentos innovadores, nutritivos y sostenibles. El programa busca fortalecer simultáneamente la seguridad alimentaria, la salud humana, animal y ambiental, generar valor agregado en las cadenas productivas, promover la identidad cultural y facilitar el acceso de productores y emprendedores a mercados diferenciados, posicionando a la región como líder global en alimentos del futuro.
A7: PI6 | B7: Ciencia para el diseño de políticas basadas en evidencia | C7: Fortalecer la capacidad de América Latina y el Caribe para diseñar e implementar políticas agroalimentarias basadas en evidencia científica, mediante la sistematización de resultados de innovación, el desarrollo de estudios de caso y policy labs, la creación de observatorios y plataformas digitales de datos, y la promoción de alianzas público-privadas y con bancos de desarrollo, con el fin de generar marcos regulatorios y presupuestarios más efectivos, sostenibles y escalables frente a los desafíos climáticos, productivos y de seguridad alimentaria.

Sheet Ref_Ind_Resultado
A1: ID | B1: Indicador
A2: R1 | B2: Número de tecnologías avanzadas y validadas, salto de TRL
A3: R2 | B3: Número de publicaciones científicas y/o registros de propiedad
A4: R3 | B4: Número de destinatarios beneficiados
A5: R4 | B5: Número de personal científico-técnico capacitado
A6: R5 | B6: Número de productos de diseminación tecnológica
A7: R6 | B7: Número de ensayos y/o pilotos implementados y validados

Sheet Ref_Ind_Impacto
A1: ID | B1: Indicador
A2: I1 | B2: Incremento en productividad
A3: I2 | B3: Mayor precio
A4: I3 | B4: Reducción de costo
A5: I4 | B5: Reducción de impacto ambiental
A6: I5 | B6: Impacto social favorable
A7: I6 | B7: Incremento de superficie o número de productores que adoptan la tecnología

Sheet Ref_Lineas_Accion
A1: Programa ID | B1: Programa Insignia | C1: Línea de Acción ID | D1: Línea de Acción
A2: PI1 | B2: Transformación de sistemas de cultivos resilientes y carbono neutros | C2: PI1-L1 | D2: Innovación genética en cultivos estratégicos
A3: PI1 | B3: Transformación de sistemas de cultivos resilientes y carbono neutros | C3: PI1-L2 | D3: Biodiversidad para el mejoramiento de cultivos
A4: PI1 | B4: Transformación de sistemas de cultivos resilientes y carbono neutros | C4: PI1-L3 | D4: Innovación en manejo sostenible de cultivos
A5: PI1 | B5: Transformación de sistemas de cultivos resilientes y carbono neutros | C5: PI1-L4 | D5: Bioinsumos para cultivos más productivos y resilientes
A6: PI1 | B6: Transformación de sistemas de cultivos resilientes y carbono neutros | C6: PI1-L5 | D6: Agricultura urbana y periurbana resiliente
A7: PI1 | B7: Transformación de sistemas de cultivos resilientes y carbono neutros | C7: PI1-L6 | D7: Tecnologías para optimizar el control de plagas, enfermedades y malezas
A8: PI1 | B8: Transformación de sistemas de cultivos resilientes y carbono neutros | C8: PI1-L7 | D8: Nueva generación de insumos agrícolas
A9: PI2 | B9: Transformación de los sistemas ganaderos y de proteína animal: eficiencia productiva con menor huella ambiental | C9: PI2-L1 | D9: Mejoramiento genético animal
A10: PI2 | B10: Transformación de los sistemas ganaderos y de proteína animal: eficiencia productiva con menor huella ambiental | C10: PI2-L2 | D10: Tecnologías de manejo para sistemas ganaderos
A11: PI2 | B11: Transformación de los sistemas ganaderos y de proteína animal: eficiencia productiva con menor huella ambiental | C11: PI2-L3 | D11: Manejo integral de plagas y enfermedades ganaderas
A12: PI2 | B12: Transformación de los sistemas ganaderos y de proteína animal: eficiencia productiva con menor huella ambiental | C12: PI2-L4 | D12: Bienestar animal como pilar de sostenibilidad productiva
... A26: PI6 | B26: Ciencia para el diseño de políticas basadas en evidencia | C26: PI6-L3 | D26: Plataforma digital de evidencia y foros de transferencia de conocimiento

Sheet Ref_Ej_Resultado
A1: Programa ID | B1: Programa Insignia | C1: Línea de Acción | D1: Ejemplo de Resultado | G1: Filtrado (línea de acción seleccionada)
A2: PI1 | B2: Transformación de sistemas de cultivos resilientes y carbono neutros | C2: Innovación genética en cultivos estratégicos | D2: Número de genotipos validados con características deseables. | G2: =IFERROR(INDEX(Ref_Ej_Resultado!$D$2:$D$99,_xlfn.AGGREGATE(15,6,(ROW(Ref_Ej_Resultado!$D$2:$D$99)-ROW(Ref_Ej_Resultado!$D$2)+1)/((Ref_Ej_Resultado!$A$2:$A$99=Datos!$H$28)*(Ref_Ej_Resultado!$C$2:$C$99=Datos!$C$29)),ROWS($G$2:G2))),"")
A3: PI1 | B3: Transformación de sistemas de cultivos resilientes y carbono neutros | C3: Innovación genética en cultivos estratégicos | D3: Magnitud de la ganancia genética. | G3: =IFERROR(INDEX(Ref_Ej_Resultado!$D$2:$D$99,_xlfn.AGGREGATE(15,6,(ROW(Ref_Ej_Resultado!$D$2:$D$99)-ROW(Ref_Ej_Resultado!$D$2)+1)/((Ref_Ej_Resultado!$A$2:$A$99=Datos!$H$28)*(Ref_Ej_Resultado!$C$2:$C$99=Datos!$C$29)),ROWS($G$2:G3))),"")
A4: PI1 | B4: Transformación de sistemas de cultivos resilientes y carbono neutros | C4: Innovación genética en cultivos estratégicos | D4: Número de redes de validación y caracterización de genotipo por ambiente. | G4: =IFERROR(INDEX(Ref_Ej_Resultado!$D$2:$D$99,_xlfn.AGGREGATE(15,6,(ROW(Ref_Ej_Resultado!$D$2:$D$99)-ROW(Ref_Ej_Resultado!$D$2)+1)/((Ref_Ej_Resultado!$A$2:$A$99=Datos!$H$28)*(Ref_Ej_Resultado!$C$2:$C$99=Datos!$C$29)),ROWS($G$2:G4))),"")
A5: PI1 | B5: Transformación de sistemas de cultivos resilientes y carbono neutros | C5: Innovación genética en cultivos estratégicos | D5: Precisión de la predicción de ganancia genética a partir de modelos predictivos. | G5: =IFERROR(INDEX(Ref_Ej_Resultado!$D$2:$D$99,_xlfn.AGGREGATE(15,6,(ROW(Ref_Ej_Resultado!$D$2:$D$99)-ROW(Ref_Ej_Resultado!$D$2)+1)/((Ref_Ej_Resultado!$A$2:$A$99=Datos!$H$28)*(Ref_Ej_Resultado!$C$2:$C$99=Datos!$C$29)),ROWS($G$2:G5))),"")
A6: PI1 | B6: Transformación de sistemas de cultivos resilientes y carbono neutros | C6: Biodiversidad para el mejoramiento de cultivos | D6: Número y diversidad de recursos genéticos identificados, caracterizados y conservados. | G6: =IFERROR(INDEX(Ref_Ej_Resultado!$D$2:$D$99,_xlfn.AGGREGATE(15,6,(ROW(Ref_Ej_Resultado!$D$2:$D$99)-ROW(Ref_Ej_Resultado!$D$2)+1)/((Ref_Ej_Resultado!$A$2:$A$99=Datos!$H$28)*(Ref_Ej_Resultado!$C$2:$C$99=Datos!$C$29)),ROWS($G$2:G6))),"")
A7: PI1 | B7: Transformación de sistemas de cultivos resilientes y carbono neutros | C7: Biodiversidad para el mejoramiento de cultivos | D7: Número y distribución ambiental de bancos de germoplasma. | G7: =IFERROR(INDEX(Ref_Ej_Resultado!$D$2:$D$99,_xlfn.AGGREGATE(15,6,(ROW(Ref_Ej_Resultado!$D$2:$D$99)-ROW(Ref_Ej_Resultado!$D$2)+1)/((Ref_Ej_Resultado!$A$2:$A$99=Datos!$H$28)*(Ref_Ej_Resultado!$C$2:$C$99=Datos!$C$29)),ROWS($G$2:G7))),"")
A8: PI1 | B8: Transformación de sistemas de cultivos resilientes y carbono neutros | C8: Biodiversidad para el mejoramiento de cultivos | D8: Nuevas metodologías de conservación. | G8: =IFERROR(INDEX(Ref_Ej_Resultado!$D$2:$D$99,_xlfn.AGGREGATE(15,6,(ROW(Ref_Ej_Resultado!$D$2:$D$99)-ROW(Ref_Ej_Resultado!$D$2)+1)/((Ref_Ej_Resultado!$A$2:$A$99=Datos!$H$28)*(Ref_Ej_Resultado!$C$2:$C$99=Datos!$C$29)),ROWS($G$2:G8))),"")
A9: PI1 | B9: Transformación de sistemas de cultivos resilientes y carbono neutros | C9: Biodiversidad para el mejoramiento de cultivos | D9: Plataformas digitales de acceso a los materiales. | G9: =IFERROR(INDEX(Ref_Ej_Resultado!$D$2:$D$99,_xlfn.AGGREGATE(15,6,(ROW(Ref_Ej_Resultado!$D$2:$D$99)-ROW(Ref_Ej_Resultado!$D$2)+1)/((Ref_Ej_Resultado!$A$2:$A$99=Datos!$H$28)*(Ref_Ej_Resultado!$C$2:$C$99=Datos!$C$29)),ROWS($G$2:G9))),"")
A10: PI1 | B10: Transformación de sistemas de cultivos resilientes y carbono neutros | C10: Innovación en manejo sostenible de cultivos | D10: Número y eficacia de tecnologías de manejo agronómico validadas. | G10: =IFERROR(INDEX(Ref_Ej_Resultado!$D$2:$D$99,_xlfn.AGGREGATE(15,6,(ROW(Ref_Ej_Resultado!$D$2:$D$99)-ROW(Ref_Ej_Resultado!$D$2)+1)/((Ref_Ej_Resultado!$A$2:$A$99=Datos!$H$28)*(Ref_Ej_Resultado!$C$2:$C$99=Datos!$C$29)),ROWS($G$2:G10))),"")
A11: PI1 | B11: Transformación de sistemas de cultivos resilientes y carbono neutros | C11: Innovación en manejo sostenible de cultivos | D11: Identificación de limitantes al desempeño de sistemas agrícolas. | G11: =IFERROR(INDEX(Ref_Ej_Resultado!$D$2:$D$99,_xlfn.AGGREGATE(15,6,(ROW(Ref_Ej_Resultado!$D$2:$D$99)-ROW(Ref_Ej_Resultado!$D$2)+1)/((Ref_Ej_Resultado!$A$2:$A$99=Datos!$H$28)*(Ref_Ej_Resultado!$C$2:$C$99=Datos!$C$29)),ROWS($G$2:G11))),"")
A12: PI1 | B12: Transformación de sistemas de cultivos resilientes y carbono neutros | C12: Innovación en manejo sostenible de cultivos | D12: Número de modelos de respuesta de los cultivos al manejo o a las variaciones ambientales.
A13: PI1 | B13: Transformación de sistemas de cultivos resilientes y carbono neutros | C13: Innovación en manejo sostenible de cultivos | D13: Número de prototipos o paquetes tecnológicos de manejo generados.
A14: PI1 | B14: Transformación de sistemas de cultivos resilientes y carbono neutros | C14: Bioinsumos para cultivos más productivos y resilientes | D14: Número de bioinsumos validados promisorios para ser escalados.
A15: PI1 | B15: Transformación de sistemas de cultivos resilientes y carbono neutros | C15: Bioinsumos para cultivos más productivos y resilientes | D15: Respuesta de la efectividad de bioinsumos a diferentes condiciones ambientales.
A16: PI1 | B16: Transformación de sistemas de cultivos resilientes y carbono neutros | C16: Bioinsumos para cultivos más productivos y resilientes | D16: Resultados de la interacción entre bioinsumos.
A17: PI1 | B17: Transformación de sistemas de cultivos resilientes y carbono neutros | C17: Bioinsumos para cultivos más productivos y resilientes | D17: Mejora genética de bioinsumos.
A18: PI1 | B18: Transformación de sistemas de cultivos resilientes y carbono neutros | C18: Agricultura urbana y periurbana resiliente | D18: Respuesta de cultivos hortofrutícolas a condiciones de manejo y de control ambiental.
A19: PI1 | B19: Transformación de sistemas de cultivos resilientes y carbono neutros | C19: Agricultura urbana y periurbana resiliente | D19: Cuantificación de eficiencias energéticas de sistemas hortícolas alternativos.
A20: PI1 | B20: Transformación de sistemas de cultivos resilientes y carbono neutros | C20: Agricultura urbana y periurbana resiliente | D20: Sistemas integrados con energías renovables, reúso de agua y apoyados en sensores.
A21: PI1 | B21: Transformación de sistemas de cultivos resilientes y carbono neutros | C21: Tecnologías para optimizar el control de plagas, enfermedades y malezas | D21: Número y efectividad de manejos integrados validados.
A22: PI1 | B22: Transformación de sistemas de cultivos resilientes y carbono neutros | C22: Tecnologías para optimizar el control de plagas, enfermedades y malezas | D22: Protocolos de monitoreo y umbrales de acción por cultivo–plaga, enfermedad o maleza.
A23: PI1 | B23: Transformación de sistemas de cultivos resilientes y carbono neutros | C23: Tecnologías para optimizar el control de plagas, enfermedades y malezas | D23: Protocolos de manejo integrado por región, con matrices de decisión.
... A99: PI6 | B99: Ciencia para el diseño de políticas basadas en evidencia | C99: Plataforma digital de evidencia y foros de transferencia de conocimiento | D99: APIs abiertas e integraciones con observatorios nacionales/regionales y bancos de desarrollo.

Sheet Ref_Ej_Impacto
A1: Programa ID | B1: Programa Insignia | C1: Línea de Acción | D1: Ejemplo de Impacto | G1: Filtrado (línea de acción seleccionada)
A2: PI1 | B2: Transformación de sistemas de cultivos resilientes y carbono neutros | C2: Innovación genética en cultivos estratégicos | D2: Incremento del rendimiento y/o calidad. | G2: =IFERROR(INDEX(Ref_Ej_Impacto!$D$2:$D$101,_xlfn.AGGREGATE(15,6,(ROW(Ref_Ej_Impacto!$D$2:$D$101)-ROW(Ref_Ej_Impacto!$D$2)+1)/((Ref_Ej_Impacto!$A$2:$A$101=Datos!$H$28)*(Ref_Ej_Impacto!$C$2:$C$101=Datos!$C$29)),ROWS($G$2:G2))),"")
A3: PI1 | B3: Transformación de sistemas de cultivos resilientes y carbono neutros | C3: Innovación genética en cultivos estratégicos | D3: Reducción de pérdidas de rendimiento frente a adversidades bióticas y abióticas. | G3: =IFERROR(INDEX(Ref_Ej_Impacto!$D$2:$D$101,_xlfn.AGGREGATE(15,6,(ROW(Ref_Ej_Impacto!$D$2:$D$101)-ROW(Ref_Ej_Impacto!$D$2)+1)/((Ref_Ej_Impacto!$A$2:$A$101=Datos!$H$28)*(Ref_Ej_Impacto!$C$2:$C$101=Datos!$C$29)),ROWS($G$2:G3))),"")
A4: PI1 | B4: Transformación de sistemas de cultivos resilientes y carbono neutros | C4: Innovación genética en cultivos estratégicos | D4: Incremento de área sembrada con genotipos mejorados. | G4: =IFERROR(INDEX(Ref_Ej_Impacto!$D$2:$D$101,_xlfn.AGGREGATE(15,6,(ROW(Ref_Ej_Impacto!$D$2:$D$101)-ROW(Ref_Ej_Impacto!$D$2)+1)/((Ref_Ej_Impacto!$A$2:$A$101=Datos!$H$28)*(Ref_Ej_Impacto!$C$2:$C$101=Datos!$C$29)),ROWS($G$2:G4))),"")
A5: PI1 | B5: Transformación de sistemas de cultivos resilientes y carbono neutros | C5: Innovación genética en cultivos estratégicos | D5: Incremento de productores que ajustan manejo a la genética y viceversa. | G5: =IFERROR(INDEX(Ref_Ej_Impacto!$D$2:$D$101,_xlfn.AGGREGATE(15,6,(ROW(Ref_Ej_Impacto!$D$2:$D$101)-ROW(Ref_Ej_Impacto!$D$2)+1)/((Ref_Ej_Impacto!$A$2:$A$101=Datos!$H$28)*(Ref_Ej_Impacto!$C$2:$C$101=Datos!$C$29)),ROWS($G$2:G5))),"")
A6: PI1 | B6: Transformación de sistemas de cultivos resilientes y carbono neutros | C6: Biodiversidad para el mejoramiento de cultivos | D6: Incremento de genes o caracteres útiles identificados. | G6: =IFERROR(INDEX(Ref_Ej_Impacto!$D$2:$D$101,_xlfn.AGGREGATE(15,6,(ROW(Ref_Ej_Impacto!$D$2:$D$101)-ROW(Ref_Ej_Impacto!$D$2)+1)/((Ref_Ej_Impacto!$A$2:$A$101=Datos!$H$28)*(Ref_Ej_Impacto!$C$2:$C$101=Datos!$C$29)),ROWS($G$2:G6))),"")
A7: PI1 | B7: Transformación de sistemas de cultivos resilientes y carbono neutros | C7: Biodiversidad para el mejoramiento de cultivos | D7: Incremento de la diversidad de material genético accesible por los productores y mejoradores. | G7: =IFERROR(INDEX(Ref_Ej_Impacto!$D$2:$D$101,_xlfn.AGGREGATE(15,6,(ROW(Ref_Ej_Impacto!$D$2:$D$101)-ROW(Ref_Ej_Impacto!$D$2)+1)/((Ref_Ej_Impacto!$A$2:$A$101=Datos!$H$28)*(Ref_Ej_Impacto!$C$2:$C$101=Datos!$C$29)),ROWS($G$2:G7))),"")
A8: PI1 | B8: Transformación de sistemas de cultivos resilientes y carbono neutros | C8: Biodiversidad para el mejoramiento de cultivos | D8: Incremento del grado de conservación de especies o variedades en peligro. | G8: =IFERROR(INDEX(Ref_Ej_Impacto!$D$2:$D$101,_xlfn.AGGREGATE(15,6,(ROW(Ref_Ej_Impacto!$D$2:$D$101)-ROW(Ref_Ej_Impacto!$D$2)+1)/((Ref_Ej_Impacto!$A$2:$A$101=Datos!$H$28)*(Ref_Ej_Impacto!$C$2:$C$101=Datos!$C$29)),ROWS($G$2:G8))),"")
A9: PI1 | B9: Transformación de sistemas de cultivos resilientes y carbono neutros | C9: Biodiversidad para el mejoramiento de cultivos | D9: Incremento en la ganancia genética de programas de mejoramiento. | G9: =IFERROR(INDEX(Ref_Ej_Impacto!$D$2:$D$101,_xlfn.AGGREGATE(15,6,(ROW(Ref_Ej_Impacto!$D$2:$D$101)-ROW(Ref_Ej_Impacto!$D$2)+1)/((Ref_Ej_Impacto!$A$2:$A$101=Datos!$H$28)*(Ref_Ej_Impacto!$C$2:$C$101=Datos!$C$29)),ROWS($G$2:G9))),"")
A10: PI1 | B10: Transformación de sistemas de cultivos resilientes y carbono neutros | C10: Innovación en manejo sostenible de cultivos | D10: Incremento del rendimiento y/o calidad. | G10: =IFERROR(INDEX(Ref_Ej_Impacto!$D$2:$D$101,_xlfn.AGGREGATE(15,6,(ROW(Ref_Ej_Impacto!$D$2:$D$101)-ROW(Ref_Ej_Impacto!$D$2)+1)/((Ref_Ej_Impacto!$A$2:$A$101=Datos!$H$28)*(Ref_Ej_Impacto!$C$2:$C$101=Datos!$C$29)),ROWS($G$2:G10))),"")
A11: PI1 | B11: Transformación de sistemas de cultivos resilientes y carbono neutros | C11: Innovación en manejo sostenible de cultivos | D11: Reducción del uso de insumos sintéticos y aumento de la eficiencia. | G11: =IFERROR(INDEX(Ref_Ej_Impacto!$D$2:$D$101,_xlfn.AGGREGATE(15,6,(ROW(Ref_Ej_Impacto!$D$2:$D$101)-ROW(Ref_Ej_Impacto!$D$2)+1)/((Ref_Ej_Impacto!$A$2:$A$101=Datos!$H$28)*(Ref_Ej_Impacto!$C$2:$C$101=Datos!$C$29)),ROWS($G$2:G11))),"")
A12: PI1 | B12: Transformación de sistemas de cultivos resilientes y carbono neutros | C12: Innovación en manejo sostenible de cultivos | D12: Reducción de la erosión de suelos.
A13: PI1 | B13: Transformación de sistemas de cultivos resilientes y carbono neutros | C13: Innovación en manejo sostenible de cultivos | D13: Incremento del secuestro de carbono, reducción de emisiones, e implicancias a nivel de mercados.
A14: PI1 | B14: Transformación de sistemas de cultivos resilientes y carbono neutros | C14: Bioinsumos para cultivos más productivos y resilientes | D14: Incremento de la productividad.
A15: PI1 | B15: Transformación de sistemas de cultivos resilientes y carbono neutros | C15: Bioinsumos para cultivos más productivos y resilientes | D15: Reducción del uso de insumos sintéticos y aumento de la eficiencia.
A16: PI1 | B16: Transformación de sistemas de cultivos resilientes y carbono neutros | C16: Bioinsumos para cultivos más productivos y resilientes | D16: Mejora de la salud del suelo.
A17: PI1 | B17: Transformación de sistemas de cultivos resilientes y carbono neutros | C17: Bioinsumos para cultivos más productivos y resilientes | D17: Reducción en la presión de plagas y enfermedades.
A18: PI1 | B18: Transformación de sistemas de cultivos resilientes y carbono neutros | C18: Agricultura urbana y periurbana resiliente | D18: Incremento de la disponibilidad y acceso a alimentos frescos y saludables.
A19: PI1 | B19: Transformación de sistemas de cultivos resilientes y carbono neutros | C19: Agricultura urbana y periurbana resiliente | D19: Incremento de la eficiencia del uso de agua, energía, nutrientes y superficie.
A20: PI1 | B20: Transformación de sistemas de cultivos resilientes y carbono neutros | C20: Agricultura urbana y periurbana resiliente | D20: Reducción de la huella hídrica, energética y de residuos.
A21: PI1 | B21: Transformación de sistemas de cultivos resilientes y carbono neutros | C21: Agricultura urbana y periurbana resiliente | D21: Incremento en la creación de microemprendimientos.
A22: PI1 | B22: Transformación de sistemas de cultivos resilientes y carbono neutros | C22: Tecnologías para optimizar el control de plagas, enfermedades y malezas | D22: Reducción de pérdidas por plagas, enfermedades y malezas; incremento en la estabilidad de rendimientos.
A23: PI1 | B23: Transformación de sistemas de cultivos resilientes y carbono neutros | C23: Tecnologías para optimizar el control de plagas, enfermedades y malezas | D23: Incremento en la eficiencia y responsabilidad en el uso de fitosanitarios: menos aplicaciones, mejor oportunidad y selectividad.
... A101: PI6 | B101: Ciencia para el diseño de políticas basadas en evidencia | C101: Plataforma digital de evidencia y foros de transferencia de conocimiento | D101: Incremento en la coordinación público-privada y en el apalancamiento hacia soluciones basadas en evidencia.

Sheet Ref_Productos
A1: Producto
A2: Producto 1
A3: Producto 2
A4: Producto 3
A5: Producto 4
A6: Producto 5
A7: Producto 6
A8: Producto 7
A9: Producto 8
A10: Producto 9
A11: Producto 10
A12: Producto 11
... A21: Producto 20

Sheet Ref_Categorias
A1: Categoría
A2: Indicador corporativo de resultado | C2: (Escriba aquí su indicador propio del proyecto)
A3: Indicador corporativo de impacto
A4: Ejemplo de resultado (línea de acción)
A5: Ejemplo de impacto (línea de acción)
A6: Indicador propio del proyecto
